 Dungeon Crawl Stone Soup version 0.19.1 (webtiles) character file.

372 Yurafenix the Chopper (level 6, -2/53 HPs)
             Began as a Minotaur Fighter on Dec 7, 2016.
             Slain by an orc
             ... wielding a +0 whip
              (6 damage)
             ... on level 4 of the Dungeon.
             The game lasted 00:18:37 (2576 turns).

Yurafenix the Chopper (Minotaur Fighter)            Turns: 2576, Time: 00:18:37

Health: -2/53      AC:  8    Str: 22    XL:     6   Next: 43%
Magic:  5/5        EV:  8    Int:  5    God:
Gold:   165        SH: 10    Dex: 10    Spells: 0 memorised, 5 levels left

rFire  x . .     SeeInvis .     a - +0 war axe
rCold  + . .     Gourm    .     b - +0 scale mail
rNeg   . . .     Faith    .     c - +0 shield
rPois  .         Spirit   .     (helmet restricted)
rElec  .         Reflect  .     (no cloak)
rCorr  .         Harm     +     (no gloves)
MR     .....                    y - +0 pair of boots
Stlth  ..........               s - amulet of harm
                                (no ring)
                                i - ring of ice

@: no status effects
A: retaliatory headbutt, horns 2
a: no special abilities


You were on level 4 of the Dungeon.
You were not hungry.

You visited 1 branch of the dungeon, and saw 4 of its levels.

You collected 165 gold pieces.

Inventory:

Hand Weapons
 a - a +0 war axe (weapon)
Armour
 b - a +0 scale mail (worn)
 c - a +0 shield (worn)
 y - a +0 pair of boots (worn)
Jewellery
 i - a ring of ice (left hand)
 s - an amulet of harm (around neck)
Scrolls
 e - 5 scrolls of identify
 g - 2 scrolls of remove curse {unknown}
 h - 3 scrolls of blinking
 m - a scroll of random uselessness {unknown}
 p - a scroll of magic mapping {unknown}
 q - a scroll of teleportation {unknown}
 r - 2 scrolls of noise {unknown}
 v - 3 scrolls of amnesia {unknown}
 x - a scroll of fear {unknown}
Potions
 d - a potion of might
 k - a potion of resistance {unknown}
 l - a potion of heal wounds {unknown}
 n - 4 potions of brilliance
 o - a potion of cure mutation {unknown}
 t - 2 potions of agility
 u - a potion of flight
 w - 2 potions of lignification {unknown}
 z - a potion of haste
 A - a potion of magic {unknown}
Comestibles
 f - 2 bread rations
 j - 2 meat rations
 B - 4 fruits
 C - a beef jerky


   Skills:
 + Level 4.6 Fighting
 + Level 5.6 Axes
 + Level 5.2 Armour
 - Level 1.0 Dodging
 - Level 0.1 Stealth
 + Level 4.8 Shields


You had 5 spell levels left.
You didn't know any spells.

Dungeon Overview and Level Annotations

Branches:
Dungeon (4/15)             Temple (0/1) D:4

Altars:


Innate Abilities, Weirdness & Mutations

You reflexively headbutt those who attack you in melee.
You have a pair of horns on your head.


Message History

You kill the orc!
You completely miss something. You miss something. Something hits you.
You hear some strange, mumbled words.
A puff of flame appears from out of thin air!
The puff of flame hits you! The fire burns you terribly!
* * * LOW HITPOINT WARNING * * *
A bullfrog comes into view.
You're too confused!
You bump into the rock wall.
The bullfrog gives a loud, deep croak!
Something hits you.
* * * LOW HITPOINT WARNING * * *
The orc hits you with a whip.
* * * LOW HITPOINT WARNING * * *
The orc barely misses you. Something hits you but does no damage.
You barely miss the orc. You barely miss something.
You completely miss something. You miss the orc.
You feel less confused. You block something's attack.
The orc hits you with a whip.
You die...

+...s...........).....
....######.......#...
#.............#...
#((((((.......#...
#.......#######...
#††.....# #...
#$......# .....
#o{.....# .....
#@{.....# ..
..F...o.......# +#
..............# §§
........####### ≈§
....$...# ≈. ........#
≈. ........# ≈.
........# ##.≈≈ ≈≈.
.....§..


You could see a bullfrog and 2 orcs.

Vanquished Creatures
  A bullfrog (D:3)
  A howler monkey (D:4)
  An orc priest (D:4)
  An orc wizard (D:3)
  Natasha (D:3)
  A hound skeleton (D:4)
  6 adders
  2 oozes
  2 adder zombies (D:2)
  An adder skeleton (D:2)
  3 worms
  5 dart slugs
  2 leopard geckos
  8 orcs
  2 ball pythons (D:3)
  3 bat skeletons (D:2)
  3 giant cockroaches
  6 goblins
  6 hobgoblins
  4 jackals (D:4)
  A quokka (D:2)
  A ball python skeleton (D:4)
  7 bats
  3 frilled lizards
  A giant cockroach zombie (D:2)
  8 kobolds
  2 leopard gecko skeletons (D:2)
  3 rats (D:2)
85 creatures vanquished.

Notes
Turn   | Place    | Note
-------+----------+-------------------------------------------
     0 | D:1      | Yurafenix the Minotaur Fighter began the quest for the Orb.
     0 | D:1      | Reached XP level 1. HP: 19/19 MP: 0/0
   263 | D:1      | Reached XP level 2. HP: 27/27 MP: 1/1
   675 | D:1      | Reached XP level 3. HP: 33/33 MP: 2/2
  1150 | D:2      | Reached XP level 4. HP: 36/40 MP: 3/3
  1609 | D:3      | Noticed a bullfrog
  1618 | D:3      | Killed a bullfrog
  1618 | D:3      | Reached XP level 5. HP: 32/46 MP: 4/4
  1758 | D:3      | Noticed Natasha
  1763 | D:3      | Killed Natasha
  1889 | D:3      | Reached skill level 5 in Axes
  1890 | D:3      | Reached skill level 5 in Armour
  2177 | D:4      | Reached XP level 6. HP: 53/53 MP: 5/5
  2245 | D:4      | Reached skill level 1 in Dodging
  2526 | D:4      | Found a staircase to the Ecumenical Temple.
  2576 | D:4      | Slain by an orc

Skill      XL: |  1  2  3  4  5  6 |
---------------+-------------------+-----
Armour         | 4 5 |  5.2
Axes           | 3 4 5 |  5.6
Shields        | 4 |  4.8
Fighting       | 4 |  4.6
Dodging        | 1 |  1.0
Stealth        | |  0.1

Action                   |  1- 3 |  4- 6 || total
-------------------------+-------+-------++-------
Melee: War axe           |    92 |   132 ||   224
       Headbutt          |    12 |    16 ||    28
  Use: Potion            |     2 |       ||     2
       Scroll            |       |     2 ||     2
  Eat: Bread ration      |     1 |       ||     1
       Beef jerky        |     1 |       ||     1
Armor: Scale mail        |    47 |    68 ||   115
Dodge: Dodged            |    30 |    45 ||    75
Block: Shield            |    39 |    65 ||   104
